 Dungeon Crawl Stone Soup version 0.31-a0-1066-g35875b34c7 (webtiles) character file.

Game seed: 14034805646755771523

103565 MacCMillion the Spry (level 15, -5/76 (77) HPs)
             Began as a Spriggan Hunter on Nov 22, 2023.
             Was the Champion of Okawaru.
             Killed by the air
             ... invoked by a wind drake
              (21 damage)
             ... on level 1 of the Shoals on Nov 23, 2023.
             The game lasted 01:27:28 (34774 turns).

MacCMillion the Spry (Spriggan Hunter)             Turns: 34774, Time: 01:27:29

HP:   -5/76 (77)    AC: 17    Str: 10    XL:     15   Next: 89%
MP:   22/22         EV: 39    Int: 10    God:    Okawaru [******]
Gold: 2019          SH:  5    Dex: 27    Spells: 12/14 levels left

rFire   x . .        N - +3 hand cannon (freeze)
rCold   . . .        (no shield)
rNeg    . . .        J - +0 acid dragon scales
rPois   .            R - +1 hat {Stlth+}
rElec   .            M - +1 cloak of the Demon Prince {Will+ Regen+ Str+3}
rCorr   +            (gloves unavailable)
SInv    +            (boots unavailable)
Will    +++..        o - amulet of reflection
Stlth   ++++         u - +4 ring of protection
HPRegen 1.12/turn    X - +4 ring of protection
MPRegen 0.18/turn

%: reflection
@: lightly drained, very quick
A: very small, no large weapons, unfitting armour, see invisible, speed 3, heat
vulnerability 1
a: Renounce Religion, Heroism, Finesse, Duel


You were on level 1 of the Shoals.
You worshipped Okawaru.
Okawaru was exalted by your worship.
You visited 6 branches of the dungeon, and saw 25 of its levels.
You also visited: Ice Cave.

You collected 2323 gold pieces.
You spent 304 gold pieces at shops.

Inventory:

Hand Weapons
 m - the +5 sling of the Screaming Seer {antimagic, Dex+4}
   (You found it on level 1 of the Lair of Beasts)

   Dex+4:     It affects your dexterity (+4).
 y - a +0 arbalest
 N - a +3 hand cannon of freezing (weapon)
Missiles
 K - 27 poisoned darts
 L - 6 atropa-tipped darts
 Z - a throwing net
Armour
 J - +0 acid dragon scales (worn)
 M - the +1 cloak of the Demon Prince (worn) {Will+ Regen+ Str+3}
   (Okawaru gifted it to you on level 1 of the Lair of Beasts)

   Str+3:     It affects your strength (+3).
   Will+:     It increases your willpower.
   Regen+:    It increases your rate of health regeneration.
 Q - a +0 buckler
 R - a +1 hat of stealth (worn)
Jewellery
 d - a ring of poison resistance
 o - an amulet of reflection (around neck)
 u - a +4 ring of protection (left hand)
 A - a ring of resist corrosion
 P - a ring of protection from fire
 X - a +4 ring of protection (right hand)
Wands
 a - a wand of digging (5)
 c - a wand of acid (9)
 n - a wand of roots (2)
 C - a wand of flame (13)
 E - a wand of mindburst (19)
Scrolls
 b - a scroll of butterflies
 g - 2 scrolls of summoning
 j - 2 scrolls of fog
 k - 6 scrolls of enchant weapon
 l - 2 scrolls of blinking
 p - 4 scrolls of fear
 q - 4 scrolls of teleportation
 s - 3 scrolls of noise
 t - 5 scrolls of vulnerability
 w - a scroll of torment
 x - 6 scrolls of revelation
 B - 2 scrolls of amnesia
 F - a scroll of enchant armour {unknown}
 Y - a scroll of poison {unknown}
Potions
 e - 4 potions of enlightenment
 f - a potion of experience {unknown}
 h - 5 potions of mutation
 i - 2 potions of might
 r - 4 potions of heal wounds
 v - 5 potions of cancellation
 z - 3 potions of brilliance
 G - 2 potions of invisibility
 H - 5 potions of curing
 I - a potion of haste {unknown}
 O - a potion of attraction {unknown}
 S - 2 potions of magic
Miscellaneous
 T - a condenser vane
 U - a phantom mirror
 V - a lightning rod (4/4)


   Skills:
 + Level 8.0 Fighting
 - Level 18.0 Ranged Weapons
 + Level 20.4 Dodging
 - Level 4.0 Stealth
 - Level 7.0 Shields
 - Level 5.0 Translocations
 - Level 9.0 Invocations
 + Level 5.2 Evocations


You had 12 spell levels left.
You knew the following spells:

 Your Spells              Type           Power      Damage    Failure   Level
a - Blink                 Tloc           20%        N/A       12%         2

Your spell library contained the following spells:

 Spells                   Type           Power      Damage    Failure   Level
 Apportation              Tloc           20%        N/A       8%          1
 Gell's Gravitas          Tloc           10%        N/A       24%         3
 Freeze                   Ice            0%         1d3       52%         1
 Volatile Blastmotes      Fire/Tloc      10%        2d10      54%         3
 Manifold Assault         Tloc           10%        N/A       61%         4
 Jinxbite                 Hex            0%         N/A       67%         2
 Scorch                   Fire           0%         2d5       67%         2
 Dazzling Flash           Conj/Hex       0%         N/A       88%         3
 Frozen Ramparts          Ice            0%         1d1       88%         3
 Hailstorm                Conj/Ice       0%         3d3       88%         3
 Ozocubu's Armour         Ice            0%         N/A       88%         3
 Vhi's Electric Charge    Tloc/Air       10%        N/A       91%         4
 Anguish                  Hex/Necr       0%         N/A       99%         4
 Brom's Barrelling Bould  Conj/Erth      0%         2d3       99%         4
 Cause Fear               Hex            0%         N/A       99%         4
 Flame Wave               Conj/Fire      0%         2d4       99%         4
 Leda's Liquefaction      Hex/Erth       0%         N/A       99%         4
 Alistair's Intoxication  Tmut/Pois      0%         N/A       100%        5
 Arcjolt                  Conj/Air       0%         1d10      100%        5
 Fireball                 Conj/Fire      0%         3d3       100%        5
 Iskenderun's Battlesphe  Conj           0%         2d6       100%        5
 Lee's Rapid Deconstruct  Erth           0%         3d4*      100%        5
 Bombard                  Conj/Erth      0%         9d1       100%        6
 Conjure Ball Lightning   Conj/Air       0%         3x3d6     100%        6
 Dispersal                Tloc           5%         N/A       100%        6
 Plasma Beam              Fire/Air       0%         2x1d10    100%        6
 Starburst                Conj/Fire      0%         6d3       100%        6
 Enfeeble                 Hex            0%         N/A       100%        7
 Orb of Destruction       Conj           0%         9d5       100%        7
 Ozocubu's Refrigeration  Ice            0%         4d7       100%        7
 Discord                  Hex            0%         N/A       100%        8
 Disjunction              Tloc           5%         N/A       100%        8
 Maxwell's Capacitive Co  Air            0%         ∞         100%        8
 Summon Cactus Giant      Summ           Unusable   N/A       N/A         6

Dungeon Overview and Level Annotations

Branches:
Dungeon (15/15)            Temple (1/1) D:6            Lair (5/5) D:9
 Shoals (1/4) Lair:2        Snake (1/4) Lair:2        Slime (0/5) Lair:4
    Orc (2/2) D:11            Elf (0/3) Orc:2        Vaults (0/5) D:14
 Depths (0/4) D:15          IceCv (visited)

Altars:
Ashenzari
Cheibriados
Dithmenos
Elyvilon
Fedhas
Gozag
Hepliaklqana
Kikubaaqudgha
Makhleb
Nemelex Xobeh
Okawaru
Qazlal
Ru
Sif Muna
Trog
Uskayaw
Vehumet
Wu Jian
Xom
Yredelemnul
Zin
The Shining One

Shops:
D:6 (   Orc:1 :   Orc:2 (=?([

Annotations:
D:4 exclusion: centaur, Sigmund
D:7 Maggie
D:9 1 runed translucent door, Gumption's ghost, journeyman GnWn
Lair:1 1 runed translucent door, ouz's ghost, journeyman DrFi


Innate Abilities, Weirdness & Mutations

You are very small and have problems with some larger weapons.
You are too small for most types of armour.
You have supernaturally acute eyesight. (SInv)
You cover ground extremely quickly. (Speed+++)
You are vulnerable to heat. (rF-)


Message History

Fire: N) +3 hand cannon (freeze)
Press: ? - help, Q - select action, (/) - cycle Shift-Dir - straight line, f - wind drake
Aim: a wind drake (repelling missiles, 40% to hit)
You shoot a bolt. The bolt barely misses the wind drake.
The wind drake exhales a fierce blast of wind!
You are knocked back by the gust of wind.
Splash!
You fall into the shallow water.
Moving in this stuff is going to be slow.
The merfolk aquamancer is knocked back by the gust of wind.
The merfolk aquamancer slams into the stone wall!
The merfolk aquamancer is lightly wounded.
Fire: N) +3 hand cannon (freeze)
Press: ? - help, Q - select action, (/) - cycle Shift-Dir - straight line, f/p - wind drake
Aim: a wind drake (repelling missiles, 40% to hit)
You shoot a bolt. The bolt closely misses the wind drake.
Fire: N) +3 hand cannon (freeze)
Press: ? - help, Q - select action, (/) - cycle Shift-Dir - straight line, f/p - wind drake
Aim: a wind drake (repelling missiles, 40% to hit)
You shoot a bolt. The bolt closely misses the wind drake.
You hear a shout!
A merfolk impaler comes into view. It is wielding a +0 trident.
The merfolk aquamancer attacks as it pursues you!
The merfolk aquamancer misses you.
The merfolk aquamancer completely misses you.
The wind drake flaps its wings at you. The air twists around and strikes you!
The merfolk aquamancer attacks as it pursues you!
The merfolk aquamancer hits you but does no damage.
You feel drained. The merfolk impaler misses you.
The merfolk aquamancer casts a spell at you.
The shard of ice hits you!!! The wind drake flaps its wings at you.
The air twists around and strikes you!
* * * LOW HITPOINT WARNING * * *
The merfolk impaler completely misses you.
The merfolk impaler hits you but does no damage.
The wind drake flaps its wings at you. The air twists around and strikes you!!
You die...

.#..~~~~~~~~~~~~~...$...
...~~~~~~~~~~~~~.P...PP≈
~~~~~........~~~~...~~P~
~~.~~.###.##..~~~~~~~~~~
~~~~..# #####...~~(~≈≈~~
~~~~..# ###..~~~≈≈≈≈
~~~~.## #.)~~~≈≈≈~
~~~..# #########.~~~≈≈≈~
~~...###......##@.~~≈~~~
~~....# #........~~~~~~~
~~...######...~~~m~~~~~.
~~~~.....###.~m~~~~~~...
~~~~~...## #.~k~~(.~^...
~~~~~...####..~~.......~
~.~~~~.......~.........~
~..~~~~..~.<.~...#####..
~~.~~~..~~......## ..


You could see a merfolk impaler, a merfolk aquamancer and a wind drake (repels
missiles).

Vanquished Creatures
  Louise (D:14)
  2 orc warlords (Orc:2)
  2 dire elephants
  A quicksilver dragon zombie (D:15)
  2 ettins (Orc:2)
  A merfolk impaler (Shoals:1)
  6 hydras
  Erolcha (Orc:2)
  4 catoblepae
  An alligator (Lair:1)
  4 boulder beetles
  4 centaur warriors
  A deep troll shaman (Lair:5)
  5 two-headed ogres
  3 tengu warriors (D:15)
  4 death yaks (Lair:5)
  A vampire mage (D:15)
  Nergalle (D:11)
  4 orc high priests (Orc:2)
  A fire crab (Lair:1)
  A shock serpent (shapeshifter) (D:14)
  A sixfirhy (D:11)
  3 skysharks
  3 skeletal warriors (D:15)
  A spark wasp zombie (D:15)
  3 sea snakes (Lair:2)
  3 lindwurms
  9 orc knights
  4 harpies
  A necromancer (D:15)
  9 orc sorcerers
  A deep elf pyromancer (D:15)
  3 cyclopes
  5 ugly things (D:14)
  6 elephants (Lair:5)
  6 manticores
  A merfolk siren (Shoals:1)
  A salamander (Lair:2)
  7 black mambas
  8 rime drakes
  An unseen horror (D:12)
  Psyche (D:8)
  4 kobold demonologists
  An unseen horror (shapeshifter) (D:14)
  13 cane toads
  6 komodo dragons
  2 tengu conjurers (D:15)
  6 trolls
  A red devil (D:10)
  10 polar bears
  A merfolk (Shoals:1)
  6 blink frogs
  6 hornets
  2 dream sheep (Shoals:1)
  4 slime creatures (D:12)
  A vampire (D:11)
  3 water elementals
  2 wyverns
  3 wraiths
  A human (shapeshifter) (D:14)
  7 basilisks
  2 steam dragons (D:8)
  An unseen horror simulacrum (D:9)
  58 yaks
  3 chaos spawn (D:10)
  6 vampire mosquitoes
  A neqoxec (D:10)
  7 wargs
  2 nagas (Lair:2)
  4 acid dragons
  15 water moccasins
  45 orc warriors
  7 ice beasts
  3 black bears
  6 ogres
  28 wolves
  7 centaurs
  A phantom (D:5)
  16 bullfrogs
  6 kobold brigands
  Blork the orc (D:6)
  A gnoll sergeant (D:10)
  3 scorpions
  5 wights (D:7)
  15 killer bees
  12 electric eels
  3 howler monkeys (D:7)
  5 quasits (D:10)
  5 hounds
  2 gnoll boudas
  23 orc priests
  5 iguanas
  2 sleepcaps
  24 orc wizards
  2 centaur simulacra (D:9)
  18 gnolls
  6 adders
  A shadow imp (D:7)
  15 white imps
  A howler monkey simulacrum (D:9)
  2 ufetubi (D:9)
  A worm (D:2)
  4 dart slugs
  98 orcs
  3 endoplasms
  3 giant cockroaches (D:4)
  6 goblins
  10 hobgoblins
  2 quokkas
  4 ball pythons
  8 bats
  2 frilled lizards
  17 kobolds
  4 rats
737 creatures vanquished.

Vanquished Creatures (others)
  A water elemental (Shoals:1)
  An orc (D:11)
2 creatures vanquished.

Grand Total: 739 creatures vanquished

Notes
Turn   | Place    | Note
-------+----------+-------------------------------------------
     0 | D:1      | MacCMillion the Spriggan Hunter began the quest for the
                  | Orb.
     0 | D:1      | Reached XP level 1. HP: 10/10 MP: 2/2
   107 | D:1      | Reached XP level 2. HP: 14/14 MP: 3/3
   563 | D:1      | Found a faded altar of an unknown god.
   733 | D:2      | Reached XP level 3. HP: 18/18 MP: 4/4
  2068 | D:4      | Reached skill level 5 in Ranged Weapons
  2068 | D:4      | Reached XP level 4. HP: 22/22 MP: 5/5
  2306 | D:4      | Reached XP level 5. HP: 25/25 MP: 6/6
  2367 | D:4      | Noticed a centaur
  2594 | D:4      | Noticed Sigmund
  2644 | D:5      | Entered Level 5 of the Dungeon
  2644 | D:5      | Noticed a phantom
  2706 | D:5      | Killed a phantom
  2707 | D:5      | Reached XP level 6. HP: 27/30 MP: 7/7
  3321 | D:6      | Found a sacrificial altar of Ru.
  3431 | D:6      | Reached XP level 7. HP: 32/33 MP: 8/8
  3437 | D:6      | Noticed a yak
  3439 | D:6      | Noticed a yak
  3439 | D:6      | Noticed a yak
  3513 | D:6      | Noticed a yak
  3552 | D:5      | Killed a yak
  4345 | D:5      | Reached XP level 8. HP: 37/37 MP: 9/9
  4541 | D:6      | Noticed a hornet
  4542 | D:6      | Noticed Blork the orc
  4656 | D:5      | Reached skill level 10 in Ranged Weapons
  4656 | D:5      | Reached skill level 3 in Dodging
  4659 | D:5      | Reached skill level 4 in Dodging
  5063 | D:6      | Reached skill level 5 in Dodging
  5189 | D:6      | Found Giorod's Antique Weapon Emporium.
  5356 | D:7      | Noticed Maggie
  5398 | D:7      | Reached skill level 6 in Dodging
  5398 | D:7      | Reached XP level 9. HP: 45/45 MP: 10/10
  6224 | D:6      | Noticed a +0 falchion
  6224 | D:6      | Noticed a +0 spear
  6224 | D:6      | Noticed a +0 falchion
  6224 | D:6      | Noticed a +0 short sword
  6224 | D:6      | Noticed a +0 short sword
  6224 | D:6      | Noticed a +0 spear
  6224 | D:6      | Noticed a +0 dagger
  6226 | D:6      | Noticed a +0 dagger
  6285 | D:6      | Found a hide-covered altar of Uskayaw.
  6331 | D:6      | Found a basalt altar of Yredelemnul.
  6333 | D:6      | Noticed a profane servitor
  6356 | D:6      | Found a glowing golden altar of the Shining One.
  6358 | D:6      | Noticed an angel
  6406 | D:6      | Killed Blork the orc
  6407 | D:6      | Reached skill level 7 in Dodging
  6597 | D:6      | Found a staircase to the Ecumenical Temple.
  6606 | Temple   | Entered the Ecumenical Temple
  6632 | Temple   | Became a worshipper of Warmaster Okawaru
  7443 | D:7      | Found a glowing silver altar of Zin.
  7688 | D:8      | Reached skill level 5 in Fighting
  7779 | D:8      | Reached skill level 8 in Dodging
  8057 | D:8      | Reached * piety under Okawaru
  8655 | D:8      | Reached skill level 9 in Dodging
  8880 | D:8      | Reached XP level 10. HP: 51/51 MP: 11/11
 10194 | D:8      | Reached skill level 10 in Dodging
 10360 | D:9      | Noticed Psyche
 10420 | D:8      | Killed Psyche
 10420 | D:8      | Reached ** piety under Okawaru
 10695 | D:9      | Reached skill level 11 in Dodging
 11056 | D:9      | Noticed a two-headed ogre
 11223 | D:9      | Killed a two-headed ogre
 11239 | D:9      | Reached *** piety under Okawaru
 11240 | D:9      | Reached skill level 12 in Dodging
 11462 | D:9      | Found a shimmering blue altar of Sif Muna.
 12285 | D:9      | Reached XP level 11. HP: 39/55 MP: 12/12
 12790 | D:9      | Found a runed translucent door.
 12791 | D:9      | Noticed Gumption's ghost (journeyman GnWn)
 12808 | D:9      | Found a staircase to the Lair.
 13097 | D:10     | Entered Level 10 of the Dungeon
 13108 | D:10     | Noticed a two-headed ogre
 13141 | D:10     | Killed a two-headed ogre
 13141 | D:10     | Reached **** piety under Okawaru
 13142 | D:10     | Reached skill level 1 in Evocations
 13383 | D:10     | Reached skill level 13 in Dodging
 13446 | D:10     | Gained mutation: You are clumsy. (Dex -2) [a neqoxec]
 13466 | D:10     | Lost mutation: You are clumsy. (Dex -2) [a neqoxec]
 13645 | D:11     | Noticed a soul eater
 13649 | D:10     | Reached ***** piety under Okawaru
 13847 | D:11     | Noticed a two-headed ogre
 13995 | D:11     | Killed a two-headed ogre
 14285 | D:11     | Found an opulent altar of Gozag.
 14372 | D:11     | Reached skill level 1 in Invocations
 14684 | D:11     | Found a staircase to the Orcish Mines.
 15080 | D:10     | Noticed a sixfirhy
 15236 | D:11     | Killed a sixfirhy
 15732 | Lair:1   | Entered Level 1 of the Lair of Beasts
 15830 | Lair:1   | Noticed a boulder beetle
 15901 | Lair:1   | Found a gate leading to a gauntlet.
 16432 | Lair:1   | Killed a boulder beetle
 16433 | Lair:1   | Reached skill level 5 in Invocations
 16504 | Lair:1   | Found a runed translucent door.
 16517 | Lair:1   | Noticed ouz's ghost (journeyman DrFi)
 16601 | Lair:1   | Identified the +3 dagger of Ymehos {speed, Will++ Int+4
                  | Dex+6}
 16723 | Lair:1   | Identified the +5 sling of the Screaming Seer {antimagic,
                  | Dex+4}
 16750 | Lair:1   | Reached XP level 12. HP: 48/60 MP: 5/17
 17332 | Lair:1   | Noticed a dire elephant
 17492 | Lair:1   | Killed a dire elephant
 17925 | Lair:1   | Reached ****** piety under Okawaru
 17925 | Lair:1   | Received a gift from Okawaru
 17929 | Lair:1   | Acquired the +1 cloak of the Demon Prince {Will+ Regen+
                  | Str+3}
 17929 | Lair:1   | Received a gift from Okawaru
 17935 | Lair:1   | Acquired a +3 hand cannon of freezing
 17935 | Lair:1   | Received a gift from Okawaru
 18850 | Lair:1   | Noticed an alligator
 19908 | Lair:1   | Killed an alligator
 20353 | Lair:2   | Found a frozen archway.
 20480 | IceCv    | Entered an ice cave
 20486 | IceCv    | Received a gift from Okawaru
 20524 | Lair:2   | Reached skill level 15 in Ranged Weapons
 20603 | Lair:2   | Found a staircase to the Snake Pit.
 21379 | Lair:2   | Found a staircase to the Shoals.
 21588 | Lair:2   | Noticed a seven-headed hydra
 21592 | Lair:2   | Killed a seven-headed hydra
 22924 | Lair:3   | Reached XP level 13. HP: 63/63 MP: 20/20
 23242 | Lair:3   | Received a gift from Okawaru
 25018 | Lair:4   | Found a staircase to the Slime Pits.
 25074 | Lair:4   | Received a gift from Okawaru
 25223 | Lair:4   | Reached skill level 14 in Dodging
 25495 | Lair:4   | Reached skill level 5 in Evocations
 25623 | Lair:4   | Received a gift from Okawaru
 26066 | Lair:5   | Entered Level 5 of the Lair of Beasts
 26545 | Lair:5   | Reached skill level 15 in Dodging
 26704 | Lair:5   | Reached XP level 14. HP: 70/70 MP: 21/21
 26722 | Lair:5   | Received a gift from Okawaru
 27168 | Lair:5   | Reached skill level 16 in Dodging
 27362 | Lair:5   | Received a gift from Okawaru
 27614 | Orc:1    | Entered Level 1 of the Orcish Mines
 27617 | Orc:1    | Noticed Nergalle
 27679 | D:11     | Killed Nergalle
 27837 | Orc:1    | Found Agakk's Book Shoppe.
 27951 | Orc:1    | Bought the Volume of Angles for 234 gold pieces
 27954 | Orc:1    | Learned a level 2 spell: Blink
 28177 | Orc:2    | Entered Level 2 of the Orcish Mines
 28184 | Orc:2    | Reached skill level 1 in Translocations
 28339 | Orc:2    | Found Huifek's Jewellery Shoppe.
 28477 | Orc:2    | Found a staircase to the Elven Halls.
 28536 | Orc:2    | Noticed Erolcha
 28555 | Orc:2    | Received a gift from Okawaru
 28564 | Orc:2    | Killed Erolcha
 28565 | Orc:2    | Reached skill level 17 in Dodging
 28847 | Orc:2    | Noticed an orc warlord
 28857 | Orc:2    | Reached skill level 5 in Translocations
 29482 | Orc:2    | Killed an orc warlord
 29483 | Orc:2    | Reached skill level 18 in Dodging
 29483 | Orc:2    | Received a gift from Okawaru
 29612 | Orc:2    | Noticed an orc warlord
 29652 | Orc:2    | Killed an orc warlord
 29770 | Orc:2    | Identified the +9 sling "Gapto" {freeze, Drain rCorr Dex+8}
 30133 | Orc:2    | Reached skill level 19 in Dodging
 30136 | Orc:2    | Received a gift from Okawaru
 30151 | Orc:2    | Found Duppimegu's Antique Weapon Shoppe.
 30151 | Orc:2    | Found Woatwaza's Antique Armour Boutique.
 30153 | Orc:2    | Found Maips's Magic Scroll Shoppe.
 30153 | Orc:2    | Found Debbad Acen's Antique Weapon Boutique.
 30165 | Orc:2    | Bought a scroll of identify for 28 gold pieces
 30166 | Orc:2    | Bought a scroll of teleportation for 42 gold pieces
 30222 | Orc:1    | Reached XP level 15. HP: 77/77 MP: 22/22
 31090 | D:12     | Received a gift from Okawaru
 31091 | D:12     | Reached skill level 20 in Dodging
 31974 | D:13     | You fall into a shaft and drop 1 floor!
 32043 | D:14     | Reached skill level 1 in Shields
 32126 | D:14     | Noticed Louise
 32172 | D:14     | Killed Louise
 32376 | D:14     | Found a gate to the Vaults.
 32491 | D:14     | Found an iron altar of Okawaru.
 32780 | D:15     | Entered Level 15 of the Dungeon
 32842 | D:15     | Found a staircase to the Depths.
 32856 | D:15     | Received a gift from Okawaru
 32930 | D:15     | Reached skill level 5 in Shields
 33299 | D:10     | Gained mutation: You are vulnerable to heat. (rF-) [a
                  | neqoxec]
 33560 | D:10     | Found an ornate altar of the Wu Jian Council.
 33590 | D:10     | Found a shadowy altar of Dithmenos.
 33719 | Snake:1  | Entered Level 1 of the Snake Pit
 33814 | Shoals:1 | Entered Level 1 of the Shoals
 34018 | Lair:2   | Received a gift from Okawaru
 34774 | Shoals:1 | Killed from afar by a wind drake

Illustrated notes

Levels and vault maps discovered:
D:1:      heliophobic_arrival_dark_side_of_the_moon, layout_basic,
          ebering_ecumenical_altar_mist, serial_forest, infiniplex_forest_end_2,
          infiniplex_forest_clump_small, infiniplex_forest_clump_tiny,
          infiniplex_forest_clump_medium, infiniplex_forest_clump_long,
          infiniplex_forest_lined_room_2, infiniplex_forest_end_1,
          infiniplex_forest_join
D:2:      layout_basic, serial_glass, glass_columns_b, glass_columns_a
D:3:      layout_loops_ring, palyth_stone_intersect
D:4:      layout_gridville, uniq_sigmund
D:5:      layout_cave_pools, supply_closet_lemuel
D:6:      layout_cave_pools, grunt_temple_overflow_holy_war,
          nicolae_ru_sacrificial_ziggurat, nicolae_uskayaw_en_pointe,
          lemuel_temple_firewalk_b, serial_shops, shop, uniq_blork_the_orc
D:7:      layout_loops_cross, marbit_many_paths, uniq_maggie
D:8:      layout_basic, special_room [special_room_orc],
          hangedman_decor_riveting, serial_park_tiny_1
D:9:      layout_cave_pools, nicolae_sif_muna_condensation, dpeg_oklobed_lair,
          ebering_ghost_reflecting_pool, serial_ice, serial_ice_b, serial_ice_a,
          serial_ice_n, serial_ice_k, eino_small_chamber_without_monster,
          uniq_psyche
D:10:     layout_big_octagon, mainiacjoe_overflow_two_lobes, serial_demonic,
          serial_demonic_e, serial_demonic_d, serial_demonic_d,
          serial_demonic_a, serial_demonic_g
D:11:     layout_loops_ring, minmay_orc_entry_temple_small,
          nicolae_gozag_seed_capital
D:12:     layout_basic, special_room [special_room_orc]
D:13:     layout_roguey, the_hattery
D:14:     layout_loops_ring, david_vaults_2, okawaru_gym_becter, uniq_louise
D:15:     gammafunk_depths_entry_grave, layout_cave_pools
Temple:   minmay_temple_curvy_branch
Lair:1:   layout_cave_pods, ebering_ghost_reflecting_pool,
          gauntlet_entry_generic, nicolae_lair_lakeside_cave,
          infiniplex_staircase_pool_2
Lair:2:   layout_roguey, minmay_shoals_entry_centaurs,
          alex1729_snake_entry_snake, portal_ice_cave_entry_imps
Lair:3:   nzn_winding_woodlands_cross [nzn_winding_woodlands_5x15_garden,
          nzn_winding_woodlands_5x15_river_crossing,
          nzn_winding_woodlands_5x15_concentric,
          nzn_winding_woodlands_5x15_parted,
          nzn_winding_woodlands_15x15_killbox], layout_regular_city,
          serial_bayou_shore_b, lemuel_fruit_tree
Lair:4:   layout_concentric_octagons, slime_entry_1, serial_forest,
          infiniplex_forest_clump_small, infiniplex_forest_lined_3,
          infiniplex_forest_clump_tiny, infiniplex_forest_straight_2,
          infiniplex_forest_clump_tiny, grunt_megastairs_2
Lair:5:   grunt_lair_end_beastmaster, layout_concentric_octagons,
          nicolae_lair_grazing_beasts [nicolae_sub_lair_graze_edge,
          nicolae_sub_lair_graze_edge, nicolae_sub_lair_graze_edge,
          nicolae_sub_lair_graze_edge]
Shoals:1: layout_shoals
Snake:1:  layout_onion_interference
Orc:1:    layout_caves, serial_shops, nicolae_shop_pleasant_corner_grove,
          uniq_nergalle
Orc:2:    grunt_orc_tribal_feast, layout_caves, serial_shops, shop,
          minmay_orc_treasury, uniq_erolcha

Skill      XL: |  1  2  3  4  5  6  7  8  9 10 11 12 13 14 15 |
---------------+----------------------------------------------+-----
Stealth        | 2 3 4 |  4.0
Ranged Weapons | 5 6 7 8 9 10 11 13 14 16 18 | 18.0
Fighting       | 3 5 6 8 |  8.0
Dodging        | 6 9 12 13 15 19 20 | 20.4
Evocations     | 4 5 |  5.2
Invocations    | 6 9 |  9.0
Translocations | 5 |  5.0
Shields        | 7 |  7.0

Action                     |  1- 3 |  4- 6 |  7- 9 | 10-12 | 13-15 || total
---------------------------+-------+-------+-------+-------+-------++-------
  Melee: Unarmed           |       |       |       |     1 |       ||     1
   Fire: Shortbow          |   109 |   132 |   530 |   789 |       ||  1560
         Orcbow            |       |       |       |   325 |       ||   325
         Sling             |       |       |       |   131 |       ||   131
         Hand cannon       |       |       |       |   109 |  1373 ||  1482
  Throw: Dart              |       |       |       |     8 |       ||     8
         Throwing net      |       |       |       |     1 |       ||     1
 Invoke: Finesse           |       |       |       |     2 |     1 ||     3
         Heroism           |       |       |       |     2 |       ||     2
         Receive Weapon    |       |       |       |     1 |       ||     1
         Receive Armour    |       |       |       |     1 |       ||     1
  Evoke: Wand              |       |       |       |     1 |     4 ||     5
    Use: Scroll            |       |     6 |     2 |     6 |     7 ||    21
         Potion            |       |       |       |       |     1 ||     1
 Armour: Robe              |     2 |     6 |    35 |       |       ||    43
         Steam dragon scal |       |       |    13 |    33 |       ||    46
         Acid dragon scale |       |       |       |   108 |   154 ||   262
  Dodge: Dodged            |    15 |    17 |   121 |   489 |   797 ||  1439
  Block: Other             |       |       |    28 |    94 |   126 ||   248
         Reflection        |       |       |     8 |     7 |    15 ||    30

Table legend: (Time is in decaauts)
 A = Elapsed time spent in this place.
 B = Non-inter-level travel time spent in this place.
 C = Inter-level travel time spent in this place.
 D = Time resting spent in this place.
 E = Time spent auto-exploring this place.
 F = Levels seen in this place.
 G = Mean time per level.
                   A        B        C        D        E       F      G
               +--------+--------+--------+--------+--------+-----+--------+
         Total |  26512 |  25220 |   1292 |   9712 |   8473 |  26 | 1019.7 |
       Dungeon |  14830 |  14007 |    823 |   5333 |   4851 |  15 |  988.7 |
        Temple |     32 |      3 |     29 |      0 |      0 |   1 |   32.0 |
          Lair |   8997 |   8621 |    376 |   3266 |   2945 |   5 | 1799.4 |
        Shoals |    523 |    523 |      0 |    331 |      0 |   1 |  523.0 |
     Snake Pit |      1 |      1 |      0 |      0 |      0 |   1 |    1.0 |
  Orcish Mines |   2113 |   2053 |     60 |    781 |    676 |   2 | 1056.5 |
      Ice Cave |     12 |     12 |      0 |      0 |      0 |   1 |   12.0 |
               +--------+--------+--------+--------+--------+-----+--------+

Top non-repeatable levels by time:
  Lair:1: 3204 daAuts
     D:8: 2714 daAuts
  Lair:2: 2015 daAuts
  Lair:3: 1900 daAuts
     D:9: 1819 daAuts
    D:11: 1536 daAuts
   Orc:2: 1393 daAuts
     D:6: 1356 daAuts
     D:7: 1347 daAuts
     D:5: 1160 daAuts
  Lair:4: 984 daAuts
    D:12: 977 daAuts
    D:10: 951 daAuts
  Lair:5: 892 daAuts
   Orc:1: 720 daAuts
